Map: Pillars of Gold LE

Players

Rex

  • Race: Zerg Zerg
  • League: Gold
  • Spawn Location: 7:00

FLORENCIO - Winner!

  • Race: Terran Terran
  • League: Gold
  • Spawn Location: 1:00

VOD

Have the link to the VOD?

Description

Time

  • Played on: March 9, 2021, 5:40 p.m.
  • Length: 27:50
Show
View Real Time Build Order
Export as new Build Order

Rex Zerg 

Build Orders: Hatch First, Zergling Baneling 

Get SALT Encoding   

  12  0:00  Drone  
  13  0:14  Overlord  
  13  0:18  Drone  
  14  0:34  Drone x2  
  16  0:40  Drone  
  17  1:00  Drone  
  18  1:05  Hatchery  
  17  1:11  Drone  
  17  1:15  Extractor  
  17  1:17  Spawning Pool  
  16  1:19  Drone  
  17  1:26  Drone  
  18  1:33  Drone  
  19  1:41  Overlord  
  19  1:57  Drone  
  20  2:04  Queen  
  20  2:05  Zergling x2  
  23  2:17  Zergling x2  
  23  2:19  Queen  
  23  2:20  Zergling x2  
  27  2:25  Zergling x2, Metabolic Boost  
  28  2:31  Zergling x2  
  29  2:44  Spine Crawler  
  28  2:49  Baneling Nest  
  27  3:07  Hatchery  
  27  3:11  Drone x2  
  28  3:15  Extractor  
  27  3:33  Baneling x5  
  26  4:02  Zergling x8  
  26  4:03  Zergling x12  
  32  4:11  Drone x2  
  32  4:13  Zergling x4  
  35  4:34  Overlord  
  35  4:35  Overlord  
  35  4:43  Overlord  
  35  4:47  Baneling x3  
  35  4:48  Baneling  
  35  4:52  Queen  
  35  4:53  Baneling x2  
  35  4:55  Baneling  
  35  4:56  Baneling  
  37  5:02  Drone  
  37  5:03  Drone  
  38  5:10  Baneling  
  38  5:11  Baneling x3  
  36  5:20  Zergling x4  
  35  5:29  Zergling x2  
  35  5:30  Zergling x4  
  33  5:44  Drone  
  33  5:45  Drone  
  33  5:48  Drone x4  
  39  5:53  Drone  
  39  5:54  Drone  
  41  5:58  Drone  
  41  6:01  Drone  
  42  6:15  Baneling x3  
  42  6:16  Baneling x4  
  42  6:19  Drone x2  
  42  6:20  Drone  
  42  6:22  Extractor x2  
  43  6:27  Evolution Chamber  
  41  6:39  Zergling x12  
  45  6:45  Drone  
  45  6:46  Drone x2  
  47  6:53  Zergling x6  
  50  7:05  Lair  
  50  7:10  Spore Crawler  
  50  7:12  Drone x3, Spore Crawler  
  51  7:16  Baneling x3  
  51  7:17  Baneling  
  51  7:18  Baneling  
  51  7:22  Drone x2  
  47  7:44  Drone x2  
  47  7:45  Drone  
  50  7:52  Drone x2  
  50  7:53  Drone  
  50  7:54  Overlord x2  
  50  7:55  Hatchery  
  52  7:59  Zerg Melee Weapons Level 1  
  52  8:05  Spore Crawler  
  51  8:10  Baneling x5  
  51  8:11  Baneling  
  51  8:20  Drone x3  
  51  8:21  Drone x3  
  55  9:01  Zergling x10  
  55  9:02  Overseer x3  
  60  9:04  Centrifical Hooks  
  60  9:09  Drone x7  
  68  9:10  Drone  
  68  9:15  Spire  
  67  9:24  Pneumatized Carapace  
  67  9:25  Drone  
  67  9:28  Spore Crawler  
  67  9:30  Extractor  
  66  9:32  Extractor  
  64  9:39  Queen  
  64  9:40  Queen  
  64  9:42  Overlord x2  
  64  9:43  Zergling x8  
  64  9:44  Zergling x4  
  74  9:55  Overlord x3  
  74  10:04  Baneling  
  74  10:05  Baneling x4, Zerg Melee Weapons Level 2  
  74  10:06  Queen  
  74  10:12  Evolution Chamber  
  70  10:27  Mutalisk x4  
  70  10:28  Mutalisk x7  
  82  10:30  Overseer  
  82  10:31  Drone x2  
  82  10:32  Drone  
  82  10:33  Drone  
  96  10:38  Zerg Flyer Weapons Level 1  
  93  10:52  Mutalisk x2  
  93  10:53  Overlord x4  
  97  10:59  Spore Crawler  
  97  11:00  Spore Crawler  
  97  11:03  Spore Crawler  
  94  11:04  Overlord x2  
  94  11:07  Overseer x2  
  94  11:10  Drone  
  94  11:11  Drone x2  
  97  11:28  Overseer  
  94  11:47  Hatchery, Mutalisk  
  94  11:48  Mutalisk x7  
  105  12:13  Zergling x16  
  91  12:33  Mutalisk x3  
  91  12:34  Mutalisk x5  
  103  12:46  Drone x3  
  103  12:47  Drone x4  
  106  13:04  Overseer  
  102  13:14  Zerg Flyer Weapons Level 2, Zerg Ground Armor Level 1  
  102  13:18  Queen  
  102  13:19  Drone x2  
  106  13:22  Drone x3  
  106  13:23  Drone x6  
  106  13:24  Spore Crawler  
  106  13:25  Extractor  
  113  13:28  Extractor, Mutalisk x5  
  113  13:31  Queen  
  118  13:59  Zergling x2  
  118  14:00  Zergling x18  
  118  14:02  Mutalisk x3  
  134  14:09  Baneling x5  
  134  14:17  Overlord x4  
  134  14:54  Drone x4  
  134  14:59  Mutalisk  
  138  15:00  Mutalisk x7  
  138  15:03  Zergling x12  
  138  15:04  Zergling x2  
  161  15:12  Queen  
  163  15:15  Queen  
  163  15:16  Overlord x3  
  165  15:22  Hatchery  
  165  15:26  Baneling x6  
  165  15:27  Baneling  
  160  15:45  Hatchery  
  153  15:56  Zergling x10  
  153  15:57  Zergling x12, Mutalisk x6  
  176  16:09  Zerg Flyer Armor Level 1  
  176  16:11  Infestation Pit  
  168  16:26  Baneling x3  
  168  16:27  Baneling x4  
  168  16:39  Overseer x2  
  168  16:40  Zerg Ground Armor Level 2  
  168  16:52  Hatchery  
  168  16:53  Extractor  
  162  17:12  Hatchery  
  142  17:16  Extractor  
  131  17:24  Zergling x12  
  131  17:25  Zergling x10  
  131  17:35  Hydralisk Den  
  131  17:36  Hive  
  130  17:49  Corruptor x3  
  130  17:50  Corruptor x10  
  130  17:51  Mutalisk x5  
  132  18:08  Drone x3  
  132  18:09  Drone  
  136  18:19  Baneling x14  
  136  18:30  Corruptor x3  
  136  18:31  Corruptor  
  144  18:36  Drone x3  
  144  18:37  Drone x2  
  144  18:41  Extractor  
  148  18:43  Extractor  
  148  18:44  Hatchery  
  148  18:48  Hatchery  
  145  18:49  Extractor  
  135  19:04  Queen  
  135  19:05  Drone x3  
  135  19:07  Drone x3  
  135  19:21  Mutalisk x6  
  135  19:22  Mutalisk x3  
  153  19:29  Drone x3  
  153  19:31  Drone x3  
  159  19:35  Zergling x4  
  159  19:36  Zergling x10  
  166  19:40  Queen  
  168  20:02  Zergling x10  
  168  20:03  Zergling x8  
  175  20:20  Ultralisk Cavern  
  174  20:23  Drone x2  
  174  20:24  Drone  
  174  20:25  Drone x3  
  174  20:26  Drone x2, Queen  
  174  20:27  Drone x4  
  188  20:30  Drone x3  
  188  20:31  Drone x3  
  188  20:32  Drone x3  
  157  21:14  Hydralisk x7  
  157  21:15  Hydralisk x3  
  157  21:16  Ultralisk x4  
  180  22:03  Anabolic Synthesis  
  180  22:16  Hydralisk x4  
  180  22:17  Hydralisk x6  
  188  22:46  Chitinous Plating  
  122  23:07  Hydralisk x7  
  122  23:08  Hydralisk x10  
  122  23:09  Hydralisk x8  
  122  23:10  Hydralisk  
  148  23:22  Zergling x16  
  148  23:23  Zergling x18  
  143  23:36  Zerg Missile Weapons Level 1  
  143  23:37  Muscular Augments  
  143  23:53  Baneling x3  
  143  23:54  Baneling x17  
  143  24:15  Baneling  
  143  24:16  Baneling x9  
  143  24:17  Baneling  
  143  24:33  Hatchery  
  127  24:49  Grooved Spines  
  120  25:03  Drone  
  106  25:17  Hydralisk x2  
  106  25:18  Hydralisk x4  
  91  25:39  Hydralisk x3  
Show
View Real Time Build Order
Export as new Build Order

FLORENCIO Terran - Winner!

Build Orders:  

Get SALT Encoding   

  12  0:01  SCV  
  13  0:13  SCV  
  14  0:22  Supply Depot  
  14  0:34  SCV  
  15  0:38  Refinery  
  15  0:54  SCV  
  16  1:04  Supply Depot  
  16  1:06  SCV  
  17  1:17  Barracks  
  17  1:20  Barracks  
  17  1:21  SCV  
  18  1:33  SCV  
  19  1:45  SCV  
  20  1:57  SCV  
  21  2:04  Marine  
  22  2:09  Bunker x2  
  22  2:12  SCV  
  23  2:19  Supply Depot  
  23  2:33  Supply Depot  
  23  2:40  Marine x2  
  23  2:43  Orbital Command  
  25  2:58  Marine, Bunker  
  26  3:07  Command Center  
  26  3:16  Marine  
  27  3:27  Bunker  
  27  3:38  Marine  
  28  3:56  Marine  
  27  4:12  SCV  
  28  4:24  SCV  
  23  4:31  Engineering Bay  
  23  4:32  Marine, Refinery  
  23  4:34  Bunker  
  23  4:36  SCV x2  
  26  4:40  Bunker  
  26  4:43  Bunker  
  26  4:46  Factory  
  26  4:48  SCV  
  26  4:50  Marine  
  29  4:58  Planetary Fortress  
  25  5:27  Reaper  
  14  5:50  Supply Depot, SCV  
  14  5:53  Supply Depot, SCV  
  16  6:03  SCV  
  17  6:05  SCV  
  18  6:15  SCV  
  18  6:17  SCV  
  20  6:22  Reaper  
  23  6:25  Widow Mine  
  23  6:27  SCV  
  23  6:29  SCV  
  25  6:39  SCV  
  26  6:41  SCV  
  26  6:48  Supply Depot  
  26  6:50  Supply Depot  
  26  6:51  SCV  
  26  6:53  SCV  
  28  7:03  SCV  
  28  7:05  SCV  
  30  7:11  Command Center  
  30  7:15  SCV  
  31  7:18  SCV  
  31  7:20  Hellion  
  34  7:27  SCV  
  34  7:29  Factory  
  35  7:30  SCV  
  35  7:31  Factory  
  34  7:48  Factory Reactor  
  34  7:50  SCV x2  
  36  7:52  Refinery  
  36  7:54  Refinery  
  36  8:02  SCV x2  
  38  8:14  Starport, SCV  
  38  8:15  SCV  
  38  8:18  Widow Mine x2  
  44  8:26  SCV  
  44  8:27  SCV  
  46  8:38  SCV  
  46  8:39  Widow Mine x2, SCV  
  52  8:43  Planetary Fortress  
  52  8:51  SCV x2  
  54  9:00  Widow Mine  
  54  9:03  SCV x2  
  56  9:10  Viking  
  56  9:15  SCV x2  
  60  9:27  SCV x2  
  64  9:31  Widow Mine x3  
  64  9:34  Widow Mine  
  69  9:55  Missile Turret  
  69  9:56  Missile Turret  
  69  9:59  Missile Turret  
  69  10:00  Missile Turret  
  69  10:08  SCV x2  
  69  10:09  Widow Mine x4, SCV  
  69  10:14  Supply Depot  
  80  10:18  Supply Depot  
  80  10:20  SCV x2  
  80  10:21  SCV  
  83  10:33  SCV x2  
  83  10:35  Widow Mine x2, SCV  
  88  10:45  Supply Depot, SCV x2  
  88  10:46  Armory  
  88  10:47  SCV  
  91  10:52  Refinery  
  91  10:54  Refinery  
  91  10:57  SCV x2  
  91  10:58  Widow Mine x4  
  91  11:03  Starport Tech Lab  
  101  11:07  Command Center, SCV  
  101  11:08  Starport  
  101  11:09  SCV  
  103  11:19  Widow Mine x2, SCV  
  103  11:21  SCV  
  109  11:43  Widow Mine x4  
  109  11:45  Raven, SCV x2  
  117  11:58  SCV x2  
  114  12:04  Missile Turret  
  114  12:05  Missile Turret, Widow Mine  
  114  12:07  Widow Mine  
  114  12:08  Widow Mine  
  106  12:34  Widow Mine x3  
  112  12:42  SCV x2  
  112  12:43  Planetary Fortress  
  114  12:46  Missile Turret  
  114  12:50  Factory Tech Lab  
  110  12:54  SCV x2  
  110  12:55  Widow Mine  
  112  13:01  Raven  
  114  13:06  SCV  
  114  13:07  SCV  
  116  13:18  SCV  
  117  13:21  Starport Tech Lab  
  117  13:23  Command Center x2  
  117  13:43  Supply Depot  
  117  13:48  Supply Depot  
  117  13:50  Raven  
  117  13:52  Starport, Raven  
  117  13:55  Starport  
  112  13:56  Starport  
  112  13:59  Drilling Claws  
  112  14:02  Widow Mine x4  
  116  14:05  Missile Turret  
  116  14:23  Widow Mine x2  
  116  14:24  Widow Mine x2  
  120  14:33  Raven  
  120  14:35  Raven  
  120  14:40  Starport Reactor  
  120  14:45  Widow Mine x3  
  126  14:57  Refinery  
  126  14:58  Missile Turret  
  126  14:59  Refinery  
  126  15:00  Planetary Fortress, Missile Turret x2  
  126  15:04  Widow Mine  
  126  15:06  Widow Mine x3  
  134  15:25  Missile Turret, Widow Mine  
  134  15:27  Starport Reactor, Widow Mine  
  134  15:28  Starport Reactor x2, Widow Mine  
  140  15:32  Missile Turret x2  
  140  15:33  Missile Turret  
  140  15:40  Starport Reactor  
  118  16:24  Liberator  
  118  16:25  Command Center, Liberator x6  
  147  16:31  Refinery  
  147  16:32  Refinery  
  148  16:33  Planetary Fortress  
  139  17:00  Widow Mine x4  
  135  17:21  Widow Mine x3  
  135  17:22  Widow Mine  
  147  18:02  Viking x8  
  142  18:15  SCV  
  142  18:16  SCV x2  
  145  18:26  Command Center  
  145  18:27  SCV  
  145  18:28  Command Center, SCV x2  
  145  18:32  Viking x4  
  156  18:36  Viking x2  
  156  18:39  SCV  
  156  18:40  SCV  
  156  18:41  SCV  
  163  18:45  Refinery  
  163  18:47  Missile Turret  
  163  18:48  Missile Turret  
  163  18:49  Missile Turret  
  163  18:50  Refinery  
  163  18:51  SCV  
  163  18:52  SCV  
  163  18:53  SCV  
  160  19:00  Planetary Fortress  
  160  19:04  SCV  
  160  19:05  SCV  
  160  19:26  Missile Turret  
  160  19:27  Missile Turret, Viking x8  
  160  19:30  Hellion  
  184  19:38  Hellion x3  
  184  19:51  Hellion  
  186  19:54  Ghost Academy x2  
  186  19:57  Viking x2  
  196  20:00  Hellion x3  
  195  20:13  Hellion  
  199  20:21  Hellion  
  199  20:25  Barracks  
  161  21:20  Viking x8  
  177  21:30  Personal Cloaking  
  177  21:32  Ghost Academy  
  177  21:35  Barracks Tech Lab  
  155  21:50  Viking x8  
  171  21:56  SCV  
  172  22:08  Missile Turret, SCV  
  173  22:09  Missile Turret, Nuke x2  
  173  22:10  Missile Turret  
  173  22:11  Missile Turret, Ghost  
  175  22:19  Viking  
  175  22:20  Viking x2, SCV  
  182  22:32  SCV  
  175  22:44  SCV  
  156  23:19  Ghost  
  152  23:25  Refinery  
  152  23:43  Planetary Fortress  
  152  23:45  SCV x2  
  152  23:47  Ghost  
  156  23:57  SCV x2  
  158  24:04  Missile Turret  
  158  24:07  Missile Turret  
  158  24:09  SCV x2  
  160  24:10  Nuke  
  160  24:16  Ghost  
  162  24:18  SCV  
  162  24:21  SCV  
  162  24:22  SCV  
  165  24:30  SCV  
  166  24:33  SCV  
  167  24:44  Ghost  
  168  24:51  Planetary Fortress  
  158  24:54  Factory Tech Lab  
  156  25:13  Ghost  
  144  25:23  Siege Tank x2  
  150  25:41  Ghost  
  150  25:46  Nuke x2  
  150  25:47  Nuke  
  150  25:55  Siege Tank x2  
  156  26:10  Ghost  
  150  26:38  Ghost  
Tags
 
Add a new tag
Caveats
  • Supply blocks, unpowered buildings, or Contaminate may cause inaccurate times.
  • Supply counts are checked every 10 seconds.